AoeStats
← francoishurdebise

Hideout

510157875Analyzed
1v1 RM · 3d ago on Sep 29, 2026· 29m 36s· 2 players
Game mode
Random Map
Map size
Tiny (2 player)
Population
200
Speed
Normal
Resources
Standard
Victory
Conquest
Starting age
Dark Age
Ending age
Imperial Age
RankedLock teamsTeams togetherTeam positionsShared explorationLock speedFull tech treeHidden civsTurbo modeCheats
Victory
Defeat
664
+18
🇧🇪 Franks · Belgium
699
-42
Drahoslav von Mikulovic
11:17 Loom
14:44 Feudal Age
15:10 Horse Collar
15:19 Double-Bit Axe
16:14 Wheelbarrow
21:43 Castle Age
21:46 Scale Mail Armor
23:39 Bow Saw
24:07 Forging
24:00 Arson
29:05 Chain Mail Armor
30:40 Iron Casting
francoishurdebise
16:41 Feudal Age
19:23 Wheelbarrow
18:41 Stone Mining
18:41 Gold Mining
18:57 Double-Bit Axe
28:14 Castle Age
Connection lost

Rejoining the realm…

Still unreachable

The connection could not be restored.

Session expired

The server has moved on; the page needs a fresh start.